 Dungeon Crawl Stone Soup version 0.30-b1-2-g02819fbbbe (webtiles) character file.

Game seed: 4992427328291956914

375 hjaiej13 the Slasher (level 6, -6/37 HPs)
             Began as a Tengu Reaver on May 21, 2023.
             Was a Believer of Vehumet.
             Mangled by a mummy (15 damage)
             ... in an ossuary.
             The game lasted 00:16:41 (3749 turns).

hjaiej13 the Slasher (Tengu Reaver)                 Turns: 3749, Time: 00:16:42

Health: -6/37      AC:  4    Str: 12    XL:     6   Next: 72%
Magic:  3/10       EV: 15    Int: 13    God:    Vehumet [**....]
Gold:   244        SH:  0    Dex: 15    Spells: 4/9 levels left

rFire   . . .        n - +0 scimitar
rCold   . . .        (no shield)
rNeg    . . .        b - +0 leather armour
rPois   .            (helmet restricted)
rElec   .            (no cloak)
rCorr   .            j - +0 pair of gloves
SInv    .            (boots unavailable)
Will    .....        (no amulet)
Stlth   +            (no ring)
HPRegen 0.26/turn    (no ring)
MPRegen 0.12/turn

%: no passive effects
@: immotile, flying quickly and evasively, quick
A: beak, talons 3, nimble flight
a: Renounce Religion


You were in an ossuary.
You worshipped Vehumet.
Vehumet was pleased with you.
You visited 2 branches of the dungeon, and saw 6 of its levels.
You also visited: Ossuary.

You collected 272 gold pieces.
You spent 28 gold pieces at shops.

Inventory:

Hand Weapons
 a - a +0 falchion
 n - a +0 scimitar (weapon)
 w - a +2 dagger of holy wrath
Armour
 b - a +0 leather armour (worn)
 g - a +0 chain mail
 j - a +0 pair of gloves (worn)
 v - a +0 ring mail
Wands
 s - a wand of mindburst (26)
Scrolls
 c - a scroll of blinking {unknown}
 d - 5 scrolls of fog
 e - a scroll of torment {unknown}
 f - 2 scrolls of amnesia {unknown}
 l - 2 scrolls of enchant armour {unknown}
 o - a scroll of immolation {unknown}
 r - a scroll of fear {unknown}
 t - a scroll of silence {unknown}
 u - a scroll of acquirement {unknown}
 y - a scroll of poison {unknown}
 C - 2 scrolls of teleportation {unknown}
 D - a scroll of brand weapon {unknown}
Potions
 h - 2 potions of haste
 k - 2 potions of brilliance {unknown}
 m - 3 potions of might
 p - a potion of ambrosia {unknown}
 q - a potion of curing {unknown}
 x - 2 potions of degeneration {unknown}
 z - a potion of cancellation {unknown}
 A - a potion of mutation {unknown}
 B - a potion of berserk rage {unknown}


   Skills:
 + Level 3.2 Fighting
 + Level 5.4 Long Blades
 + Level 3.4 Dodging
 - Level 2.0 Spellcasting
 + Level 5.1 Conjurations
 - Level 2.0 Necromancy
 + Level 1.4 Translocations
 + Level 0.3 Air Magic


You had 4 spell levels left.
You knew the following spells:

 Your Spells              Type           Power      Damage    Failure   Level
a - Kiss of Death         Conj/Necr      40%        2d8       8%          1
b - Momentum Strike       Conj/Tloc      18%        3d8       13%         2
c - Static Discharge      Conj/Air       16%        2-3/arc   16%         2

Your spell library contained the following spells:

 Spells                   Type           Power      Damage    Failure   Level
 Hailstorm                Conj/Ice       8%         3d4       34%         3


Dungeon Overview and Level Annotations

Branches:
Dungeon (5/15)             Temple (1/1) D:4         Ossuary (1/1)

Altars:
Ashenzari
Cheibriados
Dithmenos
Elyvilon
Fedhas
Gozag
Hepliaklqana
Makhleb
Nemelex Xobeh
Okawaru
Qazlal
Ru
Trog
Uskayaw
Vehumet
Xom
Yredelemnul
Zin
The Shining One

Shops:
D:2 [   D:3 ?

Annotations:
D:4 3 runed translucent doors, qborf's ghost, amateur FoEn


Innate Abilities, Weirdness & Mutations

You have a beak for a mouth.
You have claws for feet.
Your magical nature lets you fly swiftly and evasively.


Message History

You hit the mummy.
The mummy is almost destroyed.
You are no longer robbed of momentum.
The mummy closely misses you.
You barely miss the mummy. Your kick misses the mummy.
The mummy is almost destroyed.
The mummy barely misses you. The mummy completely misses you.
You slash the mummy!
You destroy the mummy!
Vehumet accepts your kill. The mummy hits you.
You barely miss the mummy. The mummy misses you.
Casting: Static Discharge (safe; 16% risk of failure)
Confirm with . or Enter, or press ? or * to list all spells.
The mummy is struck by an arc of lightning.
The mummy is lightly damaged.
You are struck by an arc of lightning.
The lightning grounds out.
The mummy is struck by an arc of lightning.
The mummy is lightly damaged.
The mummy is struck by an arc of lightning.
The mummy is moderately damaged.
The mummy is struck by an arc of lightning.
The mummy is lightly damaged.
The lightning grounds out.
The mummy hits you!
Casting: Static Discharge (safe; 16% risk of failure)
Confirm with . or Enter, or press ? or * to list all spells.
Aiming: Momentum Strike (safe; 13% risk of failure)
Press: ? - help, Dir - move target, f - mummy
Aim: a mummy (moderately damaged, 85% to hit)
The concentrated momentum hits the mummy!
The mummy is almost destroyed.
You are unable to move.
The mummy hits you!
* * * LOW HITPOINT WARNING * * *
Your magical contamination has completely faded away.
You cannot move.
You hit the mummy.
You destroy the mummy!
Vehumet accepts your kill. The mummy hits you!
You die...

#....#.#..#
..!??...#....'.#..#
.!?$!?..#....#.'..#
.!$∩$!..########..#
.??$!!..#....#.#..#
..?!!...#....#.#..#
.......M#....'.'..#
.....M.M#....###..#
####@######.#..#
#....#....#.#..#
#....#....'.'..#
#....#....###..#
#....#....#.#..#
#'#########.#..#
#...#...#...#..#
###+###'###'###'###..#
.....................#


You could see 3 mummies.

Vanquished Creatures
  2 centaur zombies (Ossuary)
  2 hounds (D:4)
  A jelly (D:4)
  2 ogre zombies (Ossuary)
  4 mummies (Ossuary)
  5 adders
  An adder zombie (Ossuary)
  4 worms
  2 dart slugs (D:2)
  6 orcs
  5 bats
  11 endoplasms
  A giant cockroach (D:1)
  2 gnoll zombies (Ossuary)
  4 goblins
  3 hobgoblins
  3 jackals (D:2)
  4 kobolds
  3 quokkas
  5 ball pythons
  2 frilled lizards (D:3)
  A goblin zombie (Ossuary)
  3 hobgoblin zombies (Ossuary)
  3 kobold zombies (Ossuary)
  3 quokka zombies (Ossuary)
  6 rats
  A rat zombie (Ossuary)
89 creatures vanquished.

Notes
Turn   | Place    | Note
-------+----------+-------------------------------------------
     0 | D:1      | hjaiej13 the Tengu Reaver began the quest for the Orb.
     0 | D:1      | Reached XP level 1. HP: 12/12 MP: 4/4
   115 | D:1      | Reached XP level 2. HP: 17/17 MP: 6/6
   607 | D:2      | Found a radiant altar of Vehumet.
   672 | D:2      | Found Haroqiq's Antique Armour Emporium.
   695 | D:2      | Reached XP level 3. HP: 16/19 MP: 7/7
   754 | D:2      | Became a worshipper of Vehumet
  1135 | D:2      | Reached XP level 4. HP: 26/26 MP: 8/8
  1169 | D:2      | Learned a level 2 spell: Momentum Strike
  1470 | D:3      | Reached skill level 1 in Necromancy
  1526 | D:3      | Found a burning altar of Makhleb.
  1539 | D:3      | Found Navoobb's Magic Scroll Shoppe.
  1546 | D:3      | Bought a scroll of identify for 28 gold pieces
  1777 | D:3      | Reached * piety under Vehumet
  1777 | D:3      | Offered knowledge of Freeze by Vehumet.
  1805 | D:3      | Identified the +5 whip of Execution {antimagic, rF+}
  2215 | D:4      | Reached skill level 5 in Long Blades
  2215 | D:4      | Gained mutation: Your magical nature lets you fly swiftly
                  | and evasively. [Tengu growth]
  2215 | D:4      | Reached XP level 5. HP: 29/31 MP: 9/9
  2366 | D:4      | Found a sacrificial altar of Ru.
  2504 | D:4      | Found a staircase to the Ecumenical Temple.
  2580 | Temple   | Entered the Ecumenical Temple
  2580 | Temple   | Found a transporter.
  2580 | Temple   | Found a transporter.
  2582 | Temple   | Found a transporter.
  2582 | Temple   | Found a transporter.
  2652 | D:4      | Reached skill level 1 in Translocations
  2715 | D:4      | Noticed an orc warrior
  2716 | D:4      | Found a runed translucent gate.
  2717 | D:4      | Noticed qborf's ghost (amateur FoEn)
  2719 | D:4      | Found a runed translucent gate.
  2719 | D:4      | Identified the +5 whip "Bifoeps" {heavy, Str+3 Dex+4}
  2719 | D:4      | Identified the +0 leather armour of Classification {Str+3}
  2720 | D:4      | Found a runed translucent gate.
  3281 | D:5      | Entered Level 5 of the Dungeon
  3375 | D:5      | Found a sand-covered staircase.
  3400 | Ossuary  | Entered an ossuary
  3411 | Ossuary  | Reached XP level 6. HP: 34/36 MP: 10/10
  3561 | Ossuary  | Reached skill level 5 in Conjurations
  3704 | Ossuary  | Reached ** piety under Vehumet
  3704 | Ossuary  | Offered knowledge of Static Discharge by Vehumet.
  3708 | Ossuary  | Learned a level 2 spell: Static Discharge
  3749 | Ossuary  | Mangled by a mummy

Illustrated notes

Levels and vault maps discovered:
D:1:      dpeg_arrival_shelter, layout_loops_cross
D:2:      layout_rooms, basic_altar, serial_shops, nicolae_shop_behind_doors,
          minmay_unequal
D:3:      kennysheep_big_flooded_room, layout_loops_cross, lemuel_tele_altar,
          serial_shops, shop
D:4:      layout_basic, mainiacjoe_overflow_chevrons,
          minmay_temple_entry_statues_pillars, biasface_ghost_orc_armoury
D:5:      layout_layer_cave, lemuel_round_altar, enter_ossuary_1
Temple:   hellmonk_temple_divided_pantheon
Ossuary:  ossuary_boxes_badplayer

Skill      XL: |  1  2  3  4  5  6 |
---------------+-------------------+-----
Long Blades    | 4 5 |  5.4
Necromancy     | 1 2 |  2.0
Dodging        | 3 |  3.4
Translocations | 1 |  1.4
Fighting       | 3 |  3.2
Conjurations   | 5 |  5.1
Spellcasting   | |  2.0
Air Magic      | |  0.3

Action                     |  1- 3 |  4- 6 || total
---------------------------+-------+-------++-------
  Melee: Falchion          |    78 |    13 ||    91
         Kick              |    15 |    42 ||    57
         Peck              |     6 |    32 ||    38
         Scimitar          |       |   151 ||   151
         Punch             |       |     2 ||     2
   Cast: Kiss of Death     |     1 |       ||     1
         Momentum Strike   |       |     3 ||     3
         Static Discharge  |       |     1 ||     1
    Use: Scroll            |       |     3 ||     3
   Stab: Sleeping          |     1 |     2 ||     3
 Armour: Leather armour    |    16 |    39 ||    55
  Dodge: Dodged            |    46 |   105 ||   151
